 Dungeon Crawl Stone Soup version 0.29-a0-271-gd4eb659eea (webtiles) character file.

Game seed: 16487411567757215204

138 Colgate the Vexing (level 5, -12/24 HPs)
             Began as a Spriggan Enchanter on Mar 8, 2022.
             Was a Believer of Zin.
             Killed by divine providence
             ... invoked by an orc priest
              (16 damage)
             ... on level 3 of the Dungeon.
             The game lasted 00:14:26 (3708 turns).

Colgate the Vexing (Spriggan Enchanter)             Turns: 3708, Time: 00:14:27

Health: -12/24     AC:  2    Str:  4    XL:     5   Next: 1%
Magic:  10/10      EV: 17    Int: 18    God:    Zin [**....]
Gold:   82         SH:  0    Dex: 16    Spells: 2/10 levels left

rFire   + . .      SeeInvis +   a - +1 dagger
rCold   + . .      Faith    .   (no shield)
rNeg    . . .      Spirit   .   r - +0 robe
rPois   .          Reflect  .   (helmet restricted)
rElec   .          Harm     .   n - scarf {rC+ rF+}
rCorr   .          Rampage  .   (gloves unavailable)
Will    .....                   (boots unavailable)
Stlth   +++.......              (no amulet)
HPRegen 0.08/turn               (no ring)
MPRegen 0.12/turn               (no ring)

@: invisible, very quick
A: very small, no large weapons, unfitting armour, see invisible, speed 3
a: Renounce Religion, Recite, Vitalisation, Donate Gold


You were on level 3 of the Dungeon.
You worshipped Zin.
Zin was pleased with you.
You visited 1 branch of the dungeon, and saw 3 of its levels.

You collected 91 gold pieces.
You donated 9 gold pieces to Zin.

Inventory:

Hand Weapons
 a - a +1 dagger (weapon)
 b - a +0 flail
Missiles
 f - 4 atropa-tipped darts
 h - a throwing net {!f}
Armour
 n - a scarf of resistance (worn)
 r - a +0 robe (worn)
Scrolls
 d - a scroll of noise {unknown}
 e - 2 scrolls of teleportation {unknown}
 g - 2 scrolls of brand weapon {unknown}
 j - a scroll of torment {unknown}
 q - a scroll of immolation {unknown}
Potions
 c - a potion of invisibility
 i - a potion of might {unknown}
 k - 2 potions of magic {unknown}
 l - a potion of heal wounds {unknown}
 m - 2 potions of curing {unknown}
 o - a potion of berserk rage {unknown}
 p - a potion of resistance {unknown}


   Skills:
 - Level 1.1 Short Blades
 - Level 2.6 Dodging
 - Level 4.4 Stealth
 - Level 3.0 Spellcasting
 - Level 1.0 Conjurations
 - Level 6.1 Hexes
 + Level 1.0 Fire Magic


You had 2 spell levels left.
You knew the following spells:

 Your Spells              Type           Power      Damage    Failure   Level
a - Ensorcelled Hibernat  Hex/Ice        26%        N/A       7%          2
b - Tukima's Dance        Hex            25%        N/A       3%          3
c - Confusing Touch       Hex            25%        N/A       3%          3

Your spell library contained the following spells:

 Spells                   Type           Power      Damage    Failure   Level
 Slow                     Hex            100%       N/A       1%          1
 Summon Small Mammal      Summ           8%         N/A       16%         1
 Sublimation of Blood     Necr           2%         N/A       24%         2
 Dazzling Flash           Conj/Hex       30%        N/A       11%         3
 Inner Flame              Hex/Fire       15%        N/A       11%         3
 Summon Guardian Golem    Hex/Summ       13%        N/A       14%         3
 Call Canine Familiar     Summ           2%         N/A       43%         3
 Vampiric Draining        Necr           2%         2d6       43%         3
 Flame Wave               Conj/Fire      6%         2d5       71%         4
 Petrify                  Tmut/Erth      2%         N/A       85%         4
 Irradiate                Conj/Tmut      2%         3d14      98%         5
 Starburst                Conj/Fire      3%         6d3       100%        6


Dungeon Overview and Level Annotations

Branches:
Dungeon (3/15)

Altars:
Zin

Annotations:
D:3 Robin


Innate Abilities, Weirdness & Mutations

You are very small and have problems with some larger weapons.
You are too small for most types of armour.
You have supernaturally acute eyesight. (SInv)
You cover ground extremely quickly. (Speed+++)


Message History

The gnoll misses you.
The gnoll looks drowsy...
The helpless gnoll fails to defend itself.
You puncture the gnoll!
You kill the gnoll!
The gnoll hits you from afar with a +0 spear.
Your Conjurations skill increases to level 1!
You have reached level 5!
You feel agile.
There is a stone staircase leading up here.
You climb upwards.
There is a stone staircase leading down here.
You start resting.
Magic restored.
HP restored.
Okay, then.
Done exploring.
There is an open door here.
You see here a +0 short sword.
There is a stone staircase leading down here.
You climb downwards.
Level annotation: Robin The orc shouts!
The orc priest shouts! x2; The orc shouts!
The orc priest mumbles some strange prayers to Beogh against you.
Pain shoots through your body!
The orc priest calls down the wrath of Beogh upon you.
Beogh smites you!
Ouch! That really hurt!
* * * LOW HITPOINT WARNING * * *
The orc shouts!
There is a stone staircase leading up here.
Okay, then.
Unknown command.
Okay, then.
Okay, then.
You fade into invisibility!
The orc priest mumbles some strange prayers to Beogh against you.
Beogh smites you!
Ouch! That really hurt!
You die...

########### #.........#
#..)......########
#@o.......##.....#
#####.)...........##.#
..........o........##.#
..##.#o.....o..###.##.#
....#o..o.....###.##.#
#....................#
.....#.).............##
.........†...........#
#####..###..........#


You could see 2 orc priests and 4 orcs.

Vanquished Creatures
  Terence (D:2)
  2 gnolls (D:3)
  2 adders (D:2)
  3 worms (D:2)
  4 orcs
  6 bats
  3 endoplasms
  3 giant cockroaches
  5 goblins
  4 hobgoblins
  11 kobolds
  4 quokkas
  4 ball pythons
  5 frilled lizards
  4 rats (D:1)
61 creatures vanquished.

Notes
Turn   | Place    | Note
-------+----------+-------------------------------------------
     0 | D:1      | Colgate the Spriggan Enchanter began the quest for the Orb.
     0 | D:1      | Reached XP level 1. HP: 9/9 MP: 5/5
   106 | D:1      | Reached skill level 4 in Hexes
   356 | D:1      | Reached XP level 2. HP: 2/13 MP: 6/6
   365 | D:1      | Learned a level 2 spell: Ensorcelled Hibernation
   789 | D:1      | Found a faded altar of an unknown god.
   797 | D:1      | Prayed at the altar of an unknown god.
   797 | D:1      | Became a worshipper of Zin the Law-Giver
   797 | D:1      | Reached * piety under Zin
  1045 | D:1      | Reached skill level 5 in Hexes
  1264 | D:1      | Reached XP level 3. HP: 16/16 MP: 5/8
  1969 | D:2      | Reached ** piety under Zin
  2297 | D:2      | Got the Almanac of Flames
  2323 | D:2      | Noticed Terence
  2327 | D:2      | Killed Terence
  2328 | D:2      | Reached skill level 6 in Hexes
  2328 | D:2      | Reached XP level 4. HP: 21/21 MP: 6/9
  2535 | D:2      | Learned a level 3 spell: Tukima's Dance
  2539 | D:2      | Learned a level 3 spell: Confusing Touch
  3269 | D:3      | Noticed Robin
  3322 | D:2      | Reached skill level 1 in Fire Magic
  3556 | D:3      | Reached skill level 1 in Conjurations
  3556 | D:3      | Reached XP level 5. HP: 15/24 MP: 3/10
  3708 | D:3      | Killed from afar by an orc priest

Illustrated notes

Levels and vault maps discovered:
D:1:      nzn_arrival_settlement, layout_basic,
          hellmonk_ecumenical_altar_lost_god
D:2:      layout_basic, amethyst_killhole, uniq_terence
D:3:      layout_rooms, uniq_ijyb, uniq_natasha, uniq_robin

Skill      XL: |  1  2  3  4 |
---------------+-------------+-----
Hexes          | 4 5 6 |  6.1
Spellcasting   | 3 |  3.0
Fire Magic     | 1 |  1.0
Conjurations   | 1 |  1.0
Short Blades   | |  1.1
Dodging        | |  2.6
Stealth        | |  4.4

Action                   |  1- 3 |  4- 6 || total
-------------------------+-------+-------++-------
Melee: Dagger            |    78 |    27 ||   105
 Cast: Ensorcelled Hiber |    33 |    24 ||    57
       Confusing Touch   |       |     1 ||     1
Invok: Recite            |     1 |       ||     1
  Use: Potion            |       |     1 ||     1
 Stab: Sleeping          |    34 |    18 ||    52
Armor: Robe              |     6 |     1 ||     7
Dodge: Dodged            |    47 |    23 ||    70

Table legend: (Time is in decaauts)
 A = Elapsed time spent in this place.
 B = Non-inter-level travel time spent in this place.
 C = Inter-level travel time spent in this place.
 D = Time resting spent in this place.
 E = Time spent auto-exploring this place.
 F = Levels seen in this place.
 G = Mean time per level.
                   A        B        C        D        E       F      G
               +--------+--------+--------+--------+--------+-----+--------+
         Total |   2967 |   2875 |     92 |    105 |   2297 |   3 |  989.0 |
       Dungeon |   2967 |   2875 |     92 |    105 |   2297 |   3 |  989.0 |
               +--------+--------+--------+--------+--------+-----+--------+

Top non-repeatable levels by time:
     D:1: 1571 daAuts
     D:2: 1282 daAuts
     D:3: 112 daAuts
